 Dungeon Crawl Stone Soup version 0.26-a0-84-g8c18429211 (webtiles) character file.

Game seed: 10480498865330316917

2 bmfx the Gusty (level 1, -3/12 (14) HPs)
             Began as a Ghoul Air Elementalist on June 18, 2020.
             Slain by a kobold
             ... wielding a +0 club
              (5 damage)
             ... on level 1 of the Dungeon.
             The game lasted 00:01:23 (524 turns).

bmfx the Gusty (Ghoul Air Elementalist)              Turns: 524, Time: 00:01:24

HP:   -3/12 (14)    AC:  2    Str: 11    XL:     1   Next: 40%
MP:   2/2           EV: 12    Int: 10    God:
Gold: 15            SH:  0    Dex:  9    Spells: 2/3 levels left

rFire    . . .     SeeInvis .   (no weapon)
rCold    + . .     Gourm    .   (no shield)
rNeg     + + +     Faith    .   a - +0 robe
rPois    ∞         Spirit   .   (no helmet)
rElec    .         Reflect  .   (no cloak)
rCorr    .         Harm     .   (no gloves)
MR       .....                  (no boots)
Stlth    ++........             (no amulet)
HPRegen  0.00/turn              (no ring)
MPRegen  0.08/turn              (no ring)

@: rotting
A: rotting body, claws 1, carnivore, cold resistance 1, negative energy
resistance 3, inhibited regeneration, torment resistance, unbreathing
a: no special abilities


You were on level 1 of the Dungeon.
You were not hungry.

You visited 1 branch of the dungeon, and saw 1 of its levels.

You collected 15 gold pieces.


Innate Abilities, Weirdness & Mutations

Your body is rotting away.
You thrive on raw meat.
You are immune to poison.
You have sharp fingernails.
You are carnivorous and can eat meat at any time.
Your flesh is cold resistant. (rC+)
You are immune to negative energy. (rN+++)
You do not regenerate when monsters are visible.
You are immune to unholy pain and torment.
You can survive without breathing.

Dungeon Overview and Level Annotations

Branches:
Dungeon (1/15)

Altars:


   Skills:
 - Level 1.7 Dodging
 - Level 2.1 Stealth
 + Level 0.9 Unarmed Combat
 - Level 1.7 Spellcasting
 - Level 0.7 Conjurations
 - Level 2.4 Air Magic


You had 2 spell levels left.
You knew the following spells:

 Your Spells              Type           Power        Failure   Level  Hunger
A - Shock                 Conj/Air       #...         17%         1    ##.....

Your spell library contained the following spells:

 Spells                   Type           Power        Failure   Level  Hunger
 Swiftness                Chrm/Air       #.......     30%         2    ###....
 Static Discharge         Conj/Air       #.......     45%         3    ####...
 Airstrike                Air            #.........   75%         4    #####..
 Lightning Bolt           Conj/Air       #.........   99%         5    ######.

Action                   || total
-------------------------++-------
Melee: Unarmed           ||    20
 Cast: Shock             ||     3
Armor: Robe              ||     3
Dodge: Dodged            ||     5

Inventory:

Missiles
 f - 18 stones (quivered)
Armour
 a - a +0 robe (worn)
Scrolls
 b - a scroll of enchant weapon {unknown}
 e - a scroll of magic mapping {unknown}
Potions
 d - 2 potions of might {unknown}
Comestibles
 c - 2 rations

### .##............#.#.# ###
.....................#w###..
###..########.######..#......
##.......####...§§..#..#####..
#..≈≈≈≈...##..§≈≈§§..§.# #..
#.≈≈≈≈≈≈....§§≈≈≈≈§§...# ###
#.≈≈≈≈≈≈....§.§≈§≈≈≈.§.#
#.≈≈≈≈≈≈....K§§§≈§≈≈...#
#..≈≈≈≈..####@.≈≈≈§....#
#.......#+.#+#......#.>#######
#.......#.<>.#..####..........
#.#####.#'.#+#.......########.
#..####..#####.# #. ##......##
#.# #. ######## #.########.
#.#......#. #.#....(.#.


You could see a kobold.

Vanquished Creatures
  A hobgoblin (D:1)
  A kobold (D:1)
2 creatures vanquished.

Levels and vault maps discovered:
D:1:      dpeg_arrival_pits, layout_basic, serial_glass, glass_columns_a,
          glass_columns_a


Message History

You closely miss the kobold. The kobold barely misses you.
You scratch the kobold but do no damage.
The kobold hits you but does no damage.
You closely miss the kobold. The kobold hits you but does no damage.
You closely miss the kobold. The kobold hits you with a +0 club.
You are too injured to fight recklessly!
You are too injured to fight recklessly!
You are too injured to fight recklessly!
You completely miss the kobold. The kobold closely misses you.
You scratch the kobold but do no damage.
The kobold hits you with a +0 club.
You closely miss the kobold. The kobold hits you with a +0 club.
* * * LOW HITPOINT WARNING * * *
Okay, then.
You scratch the kobold but do no damage.
The kobold barely misses you.
You scratch the kobold.
The kobold is moderately wounded.
The kobold hits you with a +0 club.
You die...

Notes
Turn   | Place    | Note
-------+----------+-------------------------------------------
     0 | D:1      | bmfx the Ghoul Air Elementalist began the quest for the
                  | Orb.
     0 | D:1      | Reached XP level 1. HP: 14/14 MP: 2/2
   524 | D:1      | Slain by a kobold
